 Dungeon Crawl Stone Soup version 0.20-a0-263-g81abdfb (webtiles) character file.

5280 gamerape the Grappler (level 10, -1/91 HPs)
             Began as a Ghoul Gladiator on Dec 4, 2016.
             Was a Follower of Uskayaw.
             Slain by a yak (7 damage)
             ... on level 9 of the Dungeon.
             The game lasted 00:35:41 (7667 turns).

gamerape the Grappler (Ghoul Gladiator)             Turns: 7667, Time: 00:35:44

Health: -1/91      AC: 16    Str: 22    XL:     10   Next: 63%
Magic:  11/11      EV:  8    Int:  3    God:    Uskayaw [*.....]
Gold:   394        SH:  0    Dex: 10    Spells: 9/9 levels left

rFire  . . .     SeeInvis .       - Unarmed
rCold  + + .     Gourm    .     H - +1 plate armour {MR+}
rNeg   + + +     Faith    .     (no shield)
rPois  ∞         Spirit   .     t - +1 helmet
rElec  .         Reflect  .     b - +0 cloak (curse)
rCorr  .         Harm     .     (no gloves)
MR     +....                    (no boots)
Stlth  ..........               (no amulet)
                                (no ring)
                                j - ring of protection from cold

@: rotting
A: rotting body, claws 1, carnivore 3, cold resistance 1, negative energy
resistance 3, slow regeneration 1, torment resistance, unbreathing
a: Stomp, Renounce Religion


You were on level 9 of the Dungeon.
You worshipped Uskayaw.
Uskayaw was noncommittal.
You were not hungry.

You visited 2 branches of the dungeon, and saw 10 of its levels.

You collected 394 gold pieces.

Inventory:

Missiles
 c - 2 throwing nets (quivered)
 e - 4 curare-tipped needles
 h - 9 tomahawks
Armour
 a - a +0 leather armour
 b - a cursed +0 cloak (worn)
 s - a +0 ring mail
 t - a +1 helmet (worn)
 w - a +0 chain mail
 x - a +2 chain mail of poison resistance
 H - a +1 plate armour of magic resistance (worn)
Jewellery
 j - a ring of protection from cold (left claw)
 D - an uncursed ring of poison resistance
Wands
 C - a wand of acid (4/15)
 J - a wand of slowing (30/48)
 K - a wand of paralysis (3/24)
 L - a wand of disintegration (8/24)
Scrolls
 g - 9 scrolls of identify
 n - a scroll of fog {unknown}
 p - 4 scrolls of noise {unknown}
 q - 3 scrolls of random uselessness {unknown}
 r - 2 scrolls of recharging
 u - 2 scrolls of teleportation {unknown}
 y - 3 scrolls of remove curse
 B - a scroll of magic mapping {unknown}
 E - a scroll of torment {unknown}
 G - a scroll of vulnerability {unknown}
 M - 2 scrolls of enchant weapon {unknown}
Potions
 f - a potion of cure mutation {unknown}
 i - a potion of resistance {unknown}
 k - a potion of brilliance {unknown}
 l - a potion of magic
 m - a potion of flight {unknown}
 v - a potion of might
 z - a potion of ambrosia {unknown}
 F - a potion of cancellation
Comestibles
 d - 4 meat rations
 o - 3 beef jerkies
 A - a slice of pizza


   Skills:
 * Level 9.1 Fighting
 + Level 5.3 Throwing
 + Level 5.1 Armour
 + Level 5.9 Dodging
 * Level 9.6 Unarmed Combat
 + Level 3.2 Invocations


You had 9 spell levels left.
You didn't know any spells.

Dungeon Overview and Level Annotations

Branches:
Dungeon (9/15)             Temple (1/1) D:4
   Lair: D:8-11         Orc: D:9-12

Altars:
Ashenzari
Cheibriados
Dithmenos
Elyvilon
Fedhas
Gozag
Hepliaklqana
Kikubaaqudgha
Makhleb
Nemelex Xobeh
Okawaru
Qazlal
Ru
Sif Muna
Trog
Uskayaw
Vehumet
Xom
Yredelemnul
Zin
The Shining One
Beogh

Shops:
D:4 (


Innate Abilities, Weirdness & Mutations

Your body is rotting away.
You thrive on raw meat.
You are immune to poison.
You have sharp fingernails.
You are carnivorous and can eat meat at any time.
Your flesh is cold resistant. (rC+)
You are immune to negative energy. (rN+++)
You regenerate slowly when monsters are visible.
You are immune to unholy pain and torment.
You can survive without breathing.


Message History

It was a potion of magic.
Magic courses through your body.
The bullfrog hits you but does no damage.
Throwing (i - inventory. (,) - cycle):
c - 3 throwing nets (quivered)
Press: ? - help, Shift-Dir - straight line, f - yak
Aim: a yak (moderately wounded)
You throw a throwing net. The throwing net hits the bullfrog.
The bullfrog is caught in the net!
The bullfrog struggles against the net.
The bullfrog struggles against the net.
The bullfrog struggles against the net. x2
The net rips apart, and the bullfrog comes free!
It was a potion of might.
You feel very mighty all of a sudden.
It was a potion of cancellation.
Your magical effects are unravelling.
You feel magically purged.
Your magical contamination has completely faded away.
You feel a little less mighty now.
The bullfrog hits you but does no damage.
The yak gores you!
You die...

..............#....#
##.........##.##...#
............#......#
............#......#
............#......#
............#......#
#########...##..#####
............#.......#
............#...@...#
............#...YF..#
............#.......#
###############.....#
............#
..(.........#
################....#
.............Y......#
....................#


You could see a yak and a bullfrog.

Vanquished Creatures
  Erica (D:8)
  Pikel (D:5)
  Joseph (D:8)
  A hippogriff (D:8)
  5 yaks (D:9)
  Edmund (D:5)
  2 water moccasins (D:8)
  2 orc warriors (D:8)
  A sky beast (D:5)
  An ogre (D:6)
  2 centaurs
  3 bullfrogs
  A gnoll sergeant (D:5)
  A scorpion (D:7)
  8 wights
  A howler monkey (D:5)
  4 crimson imps
  A bullfrog zombie (D:9)
  2 hounds
  2 jellies (D:7)
  9 orc wizards
  4 orc priests
  Crazy Yiuf (D:5)
  A bullfrog skeleton (D:9)
  2 iguanas
  9 worker ants
  A killer bee zombie (D:7)
  A hound zombie (D:7)
  A mummy (D:8)
  Robin (D:3)
  8 adders
  9 gnolls
  4 shadow imps
  An ooze (D:3)
  3 worms
  4 dart slugs
  6 leopard geckos
  41 orcs
  4 giant cockroaches
  16 goblins
  7 hobgoblins
  10 jackals
  5 kobolds
  4 quokkas
  10 bats
  2 frilled lizards (D:3)
  A goblin zombie (D:8)
  A hobgoblin zombie (D:8)
  2 jackal skeletons
  A leopard gecko skeleton (D:5)
  A quokka skeleton (D:6)
  6 rats
217 creatures vanquished.

Vanquished Creatures (others)
  A scorpion (D:5)
1 creature vanquished.

Grand Total: 218 creatures vanquished

Notes
Turn   | Place    | Note
-------+----------+-------------------------------------------
     0 | D:1      | gamerape the Ghoul Gladiator began the quest for the Orb.
     0 | D:1      | Reached XP level 1. HP: 17/17 MP: 0/0
   287 | D:1      | Reached XP level 2. HP: 22/22 MP: 1/1
   589 | D:1      | Reached XP level 3. HP: 20/30 MP: 2/2
  1212 | D:2      | Reached XP level 4. HP: 21/37 MP: 3/3
  1710 | D:3      | Reached XP level 5. HP: 45/45 MP: 4/4
  1760 | D:3      | Noticed Robin
  1783 | D:3      | Killed Robin
  1785 | D:3      | Reached skill level 1 in Armour
  1975 | D:3      | Noticed a centaur
  1994 | D:3      | Killed a centaur
  1994 | D:3      | Reached XP level 6. HP: 22/52 MP: 5/5
  2166 | D:3      | Reached skill level 5 in Unarmed Combat
  2523 | D:4      | Found a staircase to the Ecumenical Temple.
  2552 | Temple   | Entered the Ecumenical Temple
  2631 | Temple   | Became a worshipper of Uskayaw the Reveler
  2672 | D:4      | Found Ussioshro's Antique Weapon Emporium.
  2701 | D:4      | Found a bloodstained altar of Trog.
  2802 | D:4      | Found a sparkling altar of Nemelex Xobeh.
  2807 | D:4      | Found a blossoming altar of Fedhas.
  2810 | D:4      | Found a deep blue altar of Sif Muna.
  2813 | D:4      | Found a burning altar of Makhleb.
  2818 | D:4      | Reached * piety under Uskayaw
  2824 | D:4      | Reached ** piety under Uskayaw
  3172 | D:5      | Entered Level 5 of the Dungeon
  3190 | D:5      | Found a runed door.
  3194 | D:5      | Noticed Crazy Yiuf
  3200 | D:5      | Killed Crazy Yiuf
  3200 | D:5      | Reached XP level 7. HP: 24/58 MP: 6/6
  3229 | D:5      | Noticed Edmund
  3666 | D:5      | Noticed Pikel
  3693 | D:5      | Killed Pikel
  3693 | D:5      | Reached skill level 5 in Fighting
  3693 | D:5      | Reached XP level 8. HP: 39/70 MP: 2/7
  3917 | D:5      | Reached *** piety under Uskayaw
  3925 | D:5      | Reached **** piety under Uskayaw
  4048 | D:5      | Killed Edmund
  4655 | D:6      | Reached XP level 9. HP: 77/78 MP: 4/8
  5418 | D:7      | Found a burning altar of Makhleb.
  5515 | D:7      | Reached skill level 5 in Dodging
  6057 | D:8      | Found an opulent altar of Gozag.
  6162 | D:8      | Reached skill level 1 in Invocations
  6548 | D:8      | Found a roughly hewn altar of Beogh.
  6567 | D:8      | Noticed Joseph
  6590 | D:8      | Killed Joseph
  6639 | D:8      | Reached XP level 10. HP: 52/88 MP: 10/10
  6642 | D:8      | Found a stormy altar of Qazlal.
  6687 | D:8      | Reached skill level 5 in Throwing
  6719 | D:8      | Noticed Erica
  6728 | D:8      | Killed Erica
  7628 | D:9      | Reached skill level 5 in Armour
  7649 | D:9      | HP: 4/91 [yak (10)]
  7667 | D:9      | Slain by a yak

Vault maps used:
D:1:      dpeg_arrival_arbitrary_b
D:3:      first_bread, uniq_robin
D:4:      kennysheep_mini, grunt_temple_overflow_cloverleaf, serial_shops, shop
D:5:      uniq_crazy_yiuf_cottage, uniq_pikel, uniq_edmund
D:7:      serial_glass, glass_columns_a, glass_columns_c, basic_altar,
          hangedman_decor_opposing
D:8:      lemuel_coloured_pillars_altar, special_room,
          nicolae_ossuary_entry_giza, grunt_qazlal_clouds, uniq_erica,
          uniq_joseph
D:9:      uniq_maurice, uniq_erolcha
Temple:   minmay_freezing_vapour_temple

Skill      XL: |  1  2  3  4  5  6  7  8  9 10 |
---------------+-------------------------------+-----
Throwing       | 2 3 4 5 |  5.3
Dodging        | 3 4 5 |  5.9
Unarmed Combat | 4 5 6 7 8 9 |  9.6
Fighting       | 3 4 5 6 8 9 |  9.1
Armour         | 1 2 3 4 5 |  5.1
Invocations    | 1 3 |  3.2

Action                   |  1- 3 |  4- 6 |  7- 9 | 10-12 || total
-------------------------+-------+-------+-------+-------++-------
Melee: Unarmed           |    90 |   176 |   445 |    93 ||   804
       Punch             |     3 |     2 |     5 |     4 ||    14
Throw: Throwing net      |       |       |     2 |     1 ||     3
Invok: Stomp             |       |       |    14 |     5 ||    19
       Line Pass         |       |       |     3 |       ||     3
  Use: Scroll            |       |     5 |     1 |     1 ||     7
       Potion            |       |       |       |     3 ||     3
 Stab: Paralysed         |       |       |     6 |     1 ||     7
       Held in net/web   |       |       |     2 |       ||     2
       Confused          |       |       |     1 |       ||     1
  Eat: Chunk             |     6 |    18 |    28 |     9 ||    61
Armor: Leather armour    |    18 |    39 |       |       ||    57
       Ring mail         |       |    18 |       |       ||    18
       Chain mail        |       |     1 |   213 |    10 ||   224
       Plate armour      |       |       |       |    50 ||    50
Dodge: Dodged            |    47 |   131 |   170 |    38 ||   386
